 Dungeon Crawl Stone Soup version 0.27-a0-1071-ga85bd9520d (webtiles) character file.

Game seed: 9181441962351733710

1306 1player the Transmogrifier (level 8, -5/51 HPs)
             Began as an Octopode Transmuter on Apr 24, 2021.
             Was an Initiate of Dithmenos.
             Slain by an orc warrior
             ... wielding a +0 trident
              (8 damage)
             ... on level 6 of the Dungeon.
             The game lasted 00:24:54 (8239 turns).

1player the Transmogrifier (Octopode Transmuter)    Turns: 8239, Time: 00:24:55

Health: -5/51      AC:  2    Str:  9    XL:     8   Next: 57%
Magic:  8/11       EV: 23    Int: 16    God:    Dithmenos [......]
Gold:   227        SH:  0    Dex: 19    Spells: 5/11 levels left

rFire    + . .     SeeInvis .     - Unarmed
rCold    . . .     Faith    .   (shield currently unavailable)
rNeg     + . .     Spirit   .   (helmet currently unavailable)
rPois    x         Reflect  .   (no amulet)
rElec    .         Harm     .   i - ring of protection from fire
rCorr    .         Rampage  .   r - +4 ring of evasion
Will     .....                  u - ring of flight
Stlth    ++........             v - ring of positive energy
HPRegen  0.17/turn              (no ring)
MPRegen  0.12/turn              (no ring)
                                (no ring)
                                (no ring)

@: spider-form, flying
A: venomous fangs, almost no armour, (amphibious), 8 rings, tiny, (camouflage
1), (gelatinous body 1), (nimble swimmer 1), (tentacles)
a: End Transformation, Renounce Religion


You were on level 6 of the Dungeon.
You worshipped Dithmenos.
Dithmenos was noncommittal.
You were a venomous arachnid creature.
You visited 2 branches of the dungeon, and saw 7 of its levels.

You collected 227 gold pieces.

Inventory:

Hand Weapons
 a - the +6 flail "Jisota" (melded) {vamp, rPois Will++ rCorr Stlth-}
   (You found it on level 5 of the Dungeon)

   It inflicts no extra harm, but heals its wielder when it wounds a living foe.
   It protects you from poison.
   It protects you from acid and corrosion.
   It greatly increases your willpower.
   It makes you less stealthy.
Missiles
 e - 36 poisoned darts (quivered)
 w - 8 atropa-tipped darts
Armour
 h - a +0 buckler (melded)
Jewellery
 b - a ring of ice
 i - a ring of protection from fire (left front leg)
 r - a +4 ring of evasion (right front leg)
 u - a ring of flight (on tentacle)
 v - a ring of positive energy (on tentacle)
Scrolls
 f - a scroll of summoning {unknown}
 k - a scroll of immolation {unknown}
 l - a scroll of magic mapping {unknown}
 n - a scroll of fear {unknown}
 p - a scroll of amnesia {unknown}
 q - a scroll of teleportation
 s - a scroll of silence {unknown}
 x - a scroll of blinking {unknown}
 y - a scroll of holy word {unknown}
Potions
 c - 2 potions of flight
 d - a potion of lignification {unknown}
 g - 2 potions of resistance
 j - 3 potions of attraction
 m - 5 potions of brilliance
 o - 2 potions of heal wounds {unknown}


   Skills:
 - Level 2.7 Fighting
 + Level 2.1 Dodging
 + Level 1.0 Stealth
 - Level 4.0 Shields
 - Level 5.0 Unarmed Combat
 - Level 2.0 Spellcasting
 - Level 8.0 Transmutations


You had 5 spell levels left.
You knew the following spells:

 Your Spells              Type           Power      Damage    Failure   Level
a - Spider Form           Tmut/Pois      7%         N/A       28%         3
q - Beastly Appendage     Tmut           54%        N/A       4%          1
z - Wereblood             Tmut           27%        N/A       5%          2

Your spell library contained the following spells:

 Spells                   Type           Power      Damage    Failure   Level
 Animate Skeleton         Necr           2%         N/A       41%         1
 Corona                   Hex            1%         N/A       41%         1
 Pain                     Necr           4%         1d4       41%         1
 Hydra Form               Tmut           13%        N/A       43%         5
 Ensorcelled Hibernation  Hex/Ice        2%         N/A       52%         2
 Ice Form                 Ice/Tmut       14%        N/A       58%         4
 Confusing Touch          Hex            1%         N/A       73%         3
 Dazzling Flash           Conj/Hex       2%         N/A       73%         3
 Tukima's Dance           Hex            1%         N/A       73%         3
 Vampiric Draining        Necr           0%         2d6       73%         3
 Animate Dead             Necr           0%         N/A       97%         4
 Agony                    Necr           1%         N/A       100%        5


Dungeon Overview and Level Annotations

Branches:
Dungeon (6/15)             Temple (1/1) D:4

Altars:
Ashenzari
Dithmenos
Elyvilon
Fedhas
Gozag
Hepliaklqana
Kikubaaqudgha
Makhleb
Nemelex Xobeh
Okawaru
Ru
Sif Muna
Uskayaw
Vehumet
Wu Jian
Yredelemnul
The Shining One
Jiyva

Shops:
D:1 (*   D:3 :   D:4 :   D:6 =

Annotations:
D:2 Sigmund
D:3 exclusion: orc priest, Ijyb
D:5 1 runed translucent door, Crazy Yiuf


Innate Abilities, Weirdness & Mutations

You are a venomous arachnid creature.
You have poisonous fangs.
You are tiny and dextrous.
Your spellcasting is less reliable in this form.
Your armour is entirely melded.
You are incapable of wielding weapons or throwing items.
You cannot wear most types of armour.
((You are amphibious.))
You can wear up to eight rings at the same time.
((Your skin changes colour to match your surroundings (Stealth+).))
((Your rubbery body absorbs attacks. (AC +1, EV +1)))
((You are camouflaged near water. (Stealth+)))
((You have tentacles for arms and can constrict up to eight enemies at once.))


Message History

You extend your transformation's duration.
An orc warrior comes into view.
It is wielding a +0 trident and carrying a wand of acid (6).
The ogre hits you with a +0 giant club!
You hit the ogre.
You feel better.
The ogre is lightly wounded.
The ogre barely misses you.
Press: ? - help, v - describe, . - travel
Here: an ogre, wielding a +0 giant club (lightly wounded)
The floor.
You barely miss the ogre.
You pierce the ogre, but do no damage.
You squeeze the ogre!
The ogre is heavily wounded.
You block the ogre's attack.
You hit the ogre. You squeeze the ogre!
The ogre is almost dead.
The ogre completely misses you.
You barely miss the ogre.
The ogre is almost dead.
The ogre hits you with a +0 giant club! You block the orc warrior's attack.
Okay, then.
Okay, then.
Casting: Beastly Appendage (safe; 1% risk of failure)
Confirm with . or Enter, or press ? or * to list all spells.
The spell is dangerous to cast (12% risk of failure)!
Continue anyway?
Your tentacle spike disappears.
You turn into a venomous arachnid creature.
The +6 flail "Jisota" {vamp, rPois Will++ rCorr Stlth-} melds into your body.
Your +0 buckler melds into your body.
You feel the dreadful sensation subside.
The ogre hits you with a +0 giant club!
* * * LOW HITPOINT WARNING * * *
The orc warrior hits you with a +0 trident!
* * * LOW HITPOINT WARNING * * *
The ogre misses you.
The orc wizard gestures at itself while chanting.
The orc wizard flickers and vanishes!
Deactivating autopickup; reactivate with Ctrl-A.
The orc warrior hits you from afar with a +0 trident!
You die...

.........### #.#.#.#######
#o.......###............ ##
#............#.#.####### #.
#.<....>.##..#.#.########...
#..#....†).....#............
.#...........#z.###########..
#.......{####oO..# ###
###.[##...o......#
.............s.###
.##...........## .
#############


You could see an orc warrior, an ogre, a wight and an orc priest.

Vanquished Creatures
  Eustachio (D:4)
  A sky beast (D:5)
  A necrophage (D:6)
  2 scorpions (D:5)
  A wyvern zombie (D:5)
  A water moccasin skeleton (D:4)
  4 wights
  A bullfrog zombie (D:6)
  2 hounds
  An orc priest (D:3)
  A gnoll shaman (D:5)
  4 iguanas
  2 jellies
  A bullfrog skeleton (D:5)
  Jessica (D:2)
  An orc wizard (D:6)
  A killer bee zombie (D:6)
  2 hound skeletons
  6 gnolls
  2 adders
  A howler monkey skeleton (D:4)
  A dart slug (D:3)
  5 orcs
  8 endoplasms
  2 giant cockroaches (D:2)
  11 goblins
  4 hobgoblins
  A quokka (D:2)
  5 ball pythons
  4 bats
  5 frilled lizards
  8 kobolds
  2 rats
93 creatures vanquished.

Vanquished Creatures (others)
  2 plants (D:5)
  4 toadstools (D:1)
6 creatures vanquished.

Grand Total: 99 creatures vanquished

Notes
Turn   | Place    | Note
-------+----------+-------------------------------------------
     0 | D:1      | 1player the Octopode Transmuter began the quest for the
                  | Orb.
     0 | D:1      | Reached XP level 1. HP: 13/13 MP: 3/3
    37 | D:1      | Found Irun's Antique Weapon Emporium.
   239 | D:1      | Reached XP level 2. HP: 18/19 MP: 5/5
   608 | D:1      | Found Weha's General Store.
  1096 | D:1      | Reached XP level 3. HP: 25/25 MP: 4/6
  1463 | D:2      | Found an iron altar of Okawaru.
  1536 | D:2      | Noticed Sigmund
  1578 | D:2      | Reached skill level 1 in Shields
  2075 | D:2      | Noticed Jessica
  2080 | D:2      | Killed Jessica
  2081 | D:2      | Reached XP level 4. HP: 15/30 MP: 5/7
  2792 | D:3      | Found Renusyga's Book Boutique.
  3375 | D:3      | Noticed Ijyb
  3450 | D:3      | Reached XP level 5. HP: 15/35 MP: 6/8
  3967 | D:4      | Learned a level 2 spell: Wereblood
  4021 | D:4      | Noticed Eustachio
  4048 | D:4      | Killed Eustachio
  4049 | D:4      | Reached skill level 4 in Transmutations
  4049 | D:4      | Reached XP level 6. HP: 5/41 MP: 7/9
  4507 | D:4      | Found a staircase to the Ecumenical Temple.
  4517 | Temple   | Entered the Ecumenical Temple
  4680 | Temple   | Became a worshipper of Dithmenos the Shadowed
  5065 | D:4      | Found Satoenun's Book Boutique.
  5156 | D:5      | Entered Level 5 of the Dungeon
  5531 | D:5      | Reached skill level 5 in Transmutations
  5531 | D:5      | Reached XP level 7. HP: 32/45 MP: 8/10
  5677 | D:5      | Found an iron altar of Okawaru.
  5677 | D:5      | Found a shimmering blue altar of Sif Muna.
  5678 | D:5      | Found a radiant altar of Vehumet.
  5717 | D:5      | Identified the +6 flail "Jisota" {vamp, rPois Will++ rCorr
                  | Stlth-}
  5933 | D:5      | Found a basalt altar of Yredelemnul.
  6147 | D:5      | Found a runed translucent door.
  6148 | D:5      | Noticed Crazy Yiuf
  6329 | D:5      | Reached skill level 6 in Transmutations
  6466 | D:5      | Found a white marble altar of Elyvilon.
  6720 | D:6      | Learned a level 3 spell: Spider Form
  6976 | D:6      | Reached XP level 8. HP: 27/51 MP: 8/11
  7141 | D:5      | Reached skill level 7 in Transmutations
  7571 | D:6      | Found Etudep's Jewellery Shoppe.
  7577 | D:6      | Reached skill level 5 in Unarmed Combat
  7980 | D:6      | Found a glowing golden altar of the Shining One.
  8205 | D:6      | Reached skill level 8 in Transmutations
  8205 | D:6      | Reached skill level 1 in Stealth
  8239 | D:6      | Slain by an orc warrior

Illustrated notes

Levels and vault maps discovered:
D:1:      ldierk_walled_garden_2, layout_loops_cross, serial_shops, shop, shop,
          kennysheep_boxes
D:2:      layout_loops_ring, basic_altar, uniq_sigmund, uniq_jessica
D:3:      layout_basic, zin_statuary, serial_shops, shop,
          wander_ebering_terrifying_dragon_lair, uniq_ijyb
D:4:      layout_basic, minmay_temple_entry_butterflies, serial_shops, shop,
          uniq_eustachio
D:5:      layout_loops_ring, kennysheep_ying_yang,
          gammafunk_temple_overflow_forgotten, uniq_crazy_yiuf_cottage
D:6:      layout_loops_ring, lemuel_round_altar, serial_shops,
          nicolae_shop_trees, minmay_small_thing
Temple:   pf_slime_end_temple

Skill      XL: |  1  2  3  4  5  6  7  8 |
---------------+-------------------------+-----
Fighting       | 2 |  2.7
Shields        | 2 3 4 |  4.0
Transmutations | 4 5 6 8 |  8.0
Unarmed Combat | 4 5 |  5.0
Stealth        | 1 |  1.0
Dodging        | |  2.1
Spellcasting   | |  2.0

Action                   |  1- 3 |  4- 6 |  7- 9 || total
-------------------------+-------+-------+-------++-------
Melee: Unarmed           |    88 |    96 |     2 ||   186
       Constrict         |    20 |    23 |    24 ||    67
       Tentacles         |    13 |    24 |    24 ||    61
       Kick              |    16 |    35 |    21 ||    72
       Punch             |     2 |     2 |     2 ||     6
       Flail             |       |       |    93 ||    93
Throw: Dart              |     3 |    12 |     1 ||    16
 Cast: Beastly Appendage |    23 |    27 |    17 ||    67
       Spider Form       |       |       |     3 ||     3
       Wereblood         |       |       |     2 ||     2
  Use: Scroll            |     4 |     1 |     2 ||     7
       Potion            |       |     1 |       ||     1
 Stab: Sleeping          |     7 |     4 |     1 ||    12
Armor: Skin              |     9 |     6 |     1 ||    16
Dodge: Dodged            |    51 |    60 |    77 ||   188
Block: Buckler           |     5 |    29 |    26 ||    60

Table legend: (Time is in decaauts)
 A = Elapsed time spent in this place.
 B = Non-inter-level travel time spent in this place.
 C = Inter-level travel time spent in this place.
 D = Time resting spent in this place.
 E = Time spent auto-exploring this place.
 F = Levels seen in this place.
 G = Mean time per level.
                   A        B        C        D        E       F      G
               +--------+--------+--------+--------+--------+-----+--------+
         Total |   8277 |   7960 |    317 |   2852 |   2891 |   7 | 1182.4 |
       Dungeon |   8093 |   7815 |    278 |   2852 |   2752 |   6 | 1348.8 |
        Temple |    183 |    144 |     39 |      0 |    139 |   1 |  183.0 |
               +--------+--------+--------+--------+--------+-----+--------+

Top non-repeatable levels by time:
     D:5: 1753 daAuts
     D:3: 1531 daAuts
     D:2: 1399 daAuts
     D:1: 1244 daAuts
     D:4: 1227 daAuts
     D:6: 938 daAuts
  Temple: 183 daAuts
